 Dungeon Crawl Stone Soup version 0.29-a0-997-gf6f7e2dfe7 (webtiles) character file.

Game seed: 3607001891922653038

612 Newt the Chopper (level 7, -6/48 (52) HPs)
             Began as a Demonspawn Gladiator on Aug 4, 2022.
             Killed by divine providence
             ... invoked by an orc priest
              (9 damage)
             ... on level 5 of the Dungeon.
             The game lasted 00:06:48 (3519 turns).

Newt the Chopper (Demonspawn Gladiator)             Turns: 3519, Time: 00:06:50

HP:   -6/48 (52)    AC:  8    Str: 16    XL:     7   Next: 20%
MP:   7/7           EV: 16    Int: 13    God:
Gold: 1230          SH:  0    Dex: 13    Spells: 6/6 levels left

rFire   . . .      SeeInvis .   a - +0 war axe
rCold   . . .      Faith    .   (no shield)
rNeg    . . .      Spirit   .   b - +0 leather armour
rPois   +          Reflect  .   c - +0 helmet
rElec   .          Harm     .   (no cloak)
rCorr   .          Rampage  .   k - +0 pair of gloves
Will    +....                   (no boots)
Stlth   +.........              i - amulet of the acrobat
HPRegen 0.16/turn               q - ring of poison resistance
MPRegen 0.10/turn               n - +4 ring of evasion

@: drained
A: hooves 1, icy blue scales 1, foul stench 1, spiny 2, clever 1, strong-willed
1, shaggy fur 1
a: no special abilities


You were on level 5 of the Dungeon.
You visited 1 branch of the dungeon, and saw 5 of its levels.

You collected 1230 gold pieces.

Inventory:

Hand Weapons
 a - a +0 war axe (weapon)
 u - a +0 short sword
Missiles
 d - a throwing net
 e - a javelin
 s - 3 boomerangs
 t - 14 poisoned darts (quivered)
Armour
 b - a +0 leather armour (worn)
 c - a +0 helmet (worn)
 k - a +0 pair of gloves (worn)
Jewellery
 i - an amulet of the acrobat (around neck)
 n - a +4 ring of evasion (right hand)
 q - a ring of poison resistance (left hand)
Wands
 o - a wand of charming (10)
Scrolls
 f - 6 scrolls of identify
 g - a scroll of fog
 p - a scroll of poison
 r - a scroll of magic mapping
Potions
 h - a potion of mutation
 j - 2 potions of cancellation
 l - a potion of ambrosia
 m - 6 potions of curing
 v - a potion of might {unknown}


   Skills:
 + Level 3.2 Fighting
 + Level 5.1 Axes
 * Level 3.7 Throwing
 + Level 2.5 Armour
 + Level 3.5 Dodging


You had 6 spell levels left.
You didn't know any spells.
Your spell library contained the following spells:

 Spells                   Type           Power      Damage    Failure   Level
 Ensorcelled Hibernation  Hex/Ice        0%         N/A       50%         2
 Passwall                 Tmut/Erth      0%         N/A       50%         2
 Swiftness                Air            0%         N/A       73%         3


Dungeon Overview and Level Annotations

Branches:
Dungeon (5/15)
 Temple: D:4-7

Altars:
Ru

Shops:
D:1 *


Innate Abilities, Weirdness & Mutations

You have large cloven feet.
You are partially covered in icy blue scales. (AC +2)
You may rarely emit foul miasma when damaged in melee.
You are mostly covered in sharp spines.
Your mind is acute. (Int +4, Str/Dex -1)
You are strong-willed. (Will+)
You are covered in fur. (AC +1)


Message History

The orc moves out of view.
An orc wizard and a wight come into view.
Found 5 stones.
The orc wizard shouts!
The orc priest shouts!
The orc is struck by your spines.
You kill the orc!
The orc priest invokes the aid of Beogh against you.
Beogh smites you!
The wight moves out of view.
The orc shouts!
An orc comes into view. It is wielding a +0 club.
The wight hits you with a +5 halberd of freezing!
You feel drained. The wight freezes you. The orc completely misses you.
Things that are here:
a +0 war axe; an orc corpse You hit the wight.
Your kick misses the wight.
The wight is moderately damaged.
You hit the orc. You miss the orc wizard. The wight barely misses you.
The orc is struck by your spines. The orc barely misses you.
The orc wizard hits you with a +0 dagger.
The orc priest looks encouraged for a moment.
The wight closely misses you.
You hit the wight. Your kick misses the wight.
The wight is severely damaged.
You hit the orc but do no damage. You barely miss the orc wizard.
The wight hits you with a +5 halberd of freezing.
You feel drained. The wight freezes you.
The wight hits you from afar with a +5 halberd!
* * * LOW HITPOINT WARNING * * *
You feel drained.
* * * LOW HITPOINT WARNING * * *
The orc is struck by your spines.
You kill the orc!
The orc wizard points at you and mumbles some strange words.
The magic dart hits you.
* * * LOW HITPOINT WARNING * * *
The orc wizard hits you with a +0 dagger.
* * * LOW HITPOINT WARNING * * *
The orc priest calls down the wrath of Beogh upon you.
Beogh smites you!
You die...

... #.#.# #.#
#....# #.#
#..... #.#
#.....
###.#########
##..ozo
#............
#...oo.
#.#########.#
.....z)#####.#
#.#
....z.z@.....#
#.#
#(###.o#######
#.# #.. #.#
#.. #.# ...
#.# .... #..
#.#.#
#######.# #...
#.......#
#.#####.#


You could see 4 wights, an orc priest, 2 orc wizards and 2 orcs.

Vanquished Creatures
  Eustachio (D:4)
  An ogre (D:4)
  A scorpion (D:5)
  2 hounds (D:4)
  2 iguanas (D:4)
  Natasha (twice) (D:2)
  An orc wizard (D:4)
  4 gnolls (D:3)
  5 adders
  3 worms
  4 dart slugs
  5 orcs
  8 ball pythons
  2 endoplasms
  2 giant cockroaches (D:1)
  3 goblins
  4 hobgoblins
  2 quokkas
  4 bats
  A frilled lizard (D:3)
  5 kobolds
  7 rats
69 creatures vanquished.

Vanquished Creatures (collateral kills)
  A ball python (D:4)
1 creature vanquished.

Vanquished Creatures (others)
  A plant (D:1)
1 creature vanquished.

Grand Total: 71 creatures vanquished

Notes
Turn   | Place    | Note
-------+----------+-------------------------------------------
     0 | D:1      | Newt the Demonspawn Gladiator began the quest for the Orb.
     0 | D:1      | Reached XP level 1. HP: 16/16 MP: 1/1
    51 | D:1      | Found Ryne's Assorted Antiques.
   157 | D:1      | Gained mutation: You have large cloven feet. [demonic
                  | ancestry]
   157 | D:1      | Reached XP level 2. HP: 13/22 MP: 2/2
   575 | D:1      | Reached skill level 3 in Axes
   805 | D:2      | Gained mutation: Your mind is acute. (Int +4, Str/Dex -1)
                  | [potion of mutation]
   805 | D:2      | Gained mutation: You have hidden genetic potential. [potion
                  | of mutation]
   815 | D:2      | Gained mutation: You are partially covered in sharp spines.
                  | [demonic ancestry]
   815 | D:2      | Reached XP level 3. HP: 24/27 MP: 3/3
  1098 | D:2      | Noticed Natasha
  1103 | D:2      | Killed Natasha
  1104 | D:2      | Reached XP level 4. HP: 18/34 MP: 4/4
  1311 | D:2      | Noticed Natasha
  1316 | D:2      | Killed Natasha
  1324 | D:2      | Gained mutation: You are covered in fur. (AC +1) [hidden
                  | potential]
  1347 | D:2      | Found a faded altar of an unknown god.
  1590 | D:3      | Reached skill level 1 in Armour
  1592 | D:3      | Gained mutation: You may rarely emit foul miasma when
                  | damaged in melee. [demonic ancestry]
  1592 | D:3      | Reached XP level 5. HP: 15/39 MP: 5/5
  1784 | D:3      | Identified a scroll of acquirement
  1784 | D:3      | Acquired 972 gold pieces
  2132 | D:3      | Reached skill level 4 in Axes
  2347 | D:4      | Gained mutation: You are strong-willed. (Will+) [hidden
                  | potential]
  2347 | D:4      | Lost mutation: You have hidden genetic potential. [hidden
                  | potential expressed]
  2449 | D:4      | Noticed Eustachio
  2468 | D:4      | Killed Eustachio
  2469 | D:4      | Gained mutation: You are mostly covered in sharp spines.
                  | [demonic ancestry]
  2469 | D:4      | Reached XP level 6. HP: 42/46 MP: 6/6
  2600 | D:4      | Found a sacrificial altar of Ru.
  2792 | D:4      | Identified the +6 scale mail of the Good {Str+4 SInv}
  2867 | D:4      | Reached skill level 5 in Axes
  2867 | D:4      | Gained mutation: You are partially covered in icy blue
                  | scales. (AC +2) [demonic ancestry]
  2867 | D:4      | Reached XP level 7. HP: 44/49 MP: 7/7
  3403 | D:5      | Entered Level 5 of the Dungeon
  3519 | D:5      | Killed from afar by an orc priest

Illustrated notes

Levels and vault maps discovered:
D:1:      amcnicky_arrival_abandoned_market, layout_loops_ring, serial_forest,
          infiniplex_forest_join, infiniplex_forest_end_1,
          infiniplex_forest_3_way, infiniplex_forest_clump_small, serial_shops,
          shop, lemuel_flame_loot_1
D:2:      layout_rooms, shapermc_ecumenical_altar_mp_ritualfount, uniq_natasha
D:3:      layout_loops_ring
D:4:      layout_loops_ring, mainiacjoe_overflow_catwalk, minivault_11,
          fountainhead, uniq_eustachio
D:5:      layout_loops_ring, mainiacjoe_overflow_alcove_3, serial_shops, shop,
          saegor_snake_ambush

Skill      XL: |  1  2  3  4  5  6 |
---------------+-------------------+-----
Throwing       | 2 3 |  3.7
Dodging        | 3 |  3.5
Axes           | 3 4 5 |  5.1
Armour         | 1 2 |  2.5
Fighting       | 3 |  3.2

Action                   |  1- 3 |  4- 6 |  7- 9 || total
-------------------------+-------+-------+-------++-------
Melee: War axe           |    72 |    68 |    14 ||   154
       Kick              |     8 |    22 |     2 ||    32
       Punch             |       |       |     1 ||     1
Throw: Javelin           |       |     2 |       ||     2
       Boomerang         |       |     7 |       ||     7
       Dart              |       |     6 |       ||     6
       Throwing net      |       |     3 |       ||     3
Evoke: Wand              |       |     1 |       ||     1
  Use: Scroll            |     8 |     4 |     2 ||    14
       Potion            |     1 |     1 |       ||     2
Armor: Leather armour    |    25 |    21 |     3 ||    49
Dodge: Dodged            |    54 |    32 |     8 ||    94

Table legend: (Time is in decaauts)
 A = Elapsed time spent in this place.
 B = Non-inter-level travel time spent in this place.
 C = Inter-level travel time spent in this place.
 D = Time resting spent in this place.
 E = Time spent auto-exploring this place.
 F = Levels seen in this place.
 G = Mean time per level.
                   A        B        C        D        E       F      G
               +--------+--------+--------+--------+--------+-----+--------+
         Total |   3567 |   3306 |    261 |    377 |   2398 |   5 |  713.4 |
       Dungeon |   3567 |   3306 |    261 |    377 |   2398 |   5 |  713.4 |
               +--------+--------+--------+--------+--------+-----+--------+

Top non-repeatable levels by time:
     D:4: 1155 daAuts
     D:3: 811 daAuts
     D:1: 783 daAuts
     D:2: 700 daAuts
     D:5: 116 daAuts
